 Dungeon Crawl Stone Soup version 0.27.1-33-g824d729ab1 (webtiles) character file.

Game seed: 14082392649860130331

59 Kaiern the Chiller (level 4, -1/30 HPs)
             Began as a Merfolk Ice Elementalist on Nov 28, 2021.
             Slain by an iron imp (4 damage)
             ... summoned by Natasha
             ... on level 2 of the Dungeon.
             The game lasted 00:13:16 (2271 turns).

Kaiern the Chiller (Merfolk Ice Elementalist)       Turns: 2271, Time: 00:13:16

Health: -1/30      AC:  2    Str:  9    XL:     4   Next: 3%
Magic:  3/8        EV: 12    Int: 14    God:
Gold:   40         SH:  0    Dex: 14    Spells: 4/8 levels left

rFire    . . .     SeeInvis .   j - +0 spear
rCold    . . .     Faith    .   (no shield)
rNeg     . . .     Spirit   .   a - +0 robe
rPois    .         Reflect  .   (no helmet)
rElec    .         Harm     .   (no cloak)
rCorr    .         Rampage  .   (no gloves)
Will     .....                  (no boots)
Stlth    ++........             (no amulet)
HPRegen  0.10/turn              (no ring)
MPRegen  0.11/turn              (no ring)

@: slowed, very slow
A: (nimble swimmer 2), mertail
a: no special abilities


You were on level 2 of the Dungeon.
You visited 1 branch of the dungeon, and saw 3 of its levels.

You collected 40 gold pieces.

Inventory:

Hand Weapons
 j - a +0 spear (weapon)
Missiles
 e - 71 stones (quivered)
 i - 2 datura-tipped darts
Armour
 a - a +0 robe (worn)
 k - a +0 leather armour
Wands
 f - a wand of charming (2)
Scrolls
 b - 2 scrolls of identify {unknown}
 c - a scroll of summoning {unknown}
 h - a scroll of fog {unknown}
 l - a scroll of enchant weapon {unknown}
Potions
 d - a potion of degeneration {unknown}
 g - 2 potions of heal wounds {unknown}


   Skills:
 - Level 2.6 Dodging
 + Level 3.3 Stealth
 + Level 2.7 Spellcasting
 + Level 5.0 Ice Magic


You had 4 spell levels left.
You knew the following spells:

 Your Spells              Type           Power      Damage    Failure   Level
a - Freeze                Ice            64%        1d8       2%          1
b - Frozen Ramparts       Ice            32%        1d5       9%          3

Your spell library contained the following spells:

 Spells                   Type           Power      Damage    Failure   Level
 Ozocubu's Armour         Ice            16%        N/A       9%          3
 Hailstorm                Conj/Ice       8%         3d4       61%         4


Dungeon Overview and Level Annotations

Branches:
Dungeon (3/15)

Altars:

Annotations:
D:2 Natasha, Terence


Innate Abilities, Weirdness & Mutations

((You are quick and stealthy near water. (Stealth+, EV+, Speed+++)))
Your lower body shifts to a powerful aquatic tail in water.


Message History

The iron imp misses you.
Casting: Freeze (safe; 2% risk of failure)
Confirm with . or Enter, or press ? or * to list all spells.
Aiming: Freeze (safe; 2% risk of failure)
Press: ? - help, Shift-Dir - straight line, f/p - iron imp
Aim: an iron imp (heavily wounded, summoned)
You freeze the iron imp.
The iron imp resists.
The iron imp is heavily wounded.
The iron imp barely misses you.
You hit the iron imp.
The iron imp is severely wounded.
The iron imp closely misses you.
You hear some strange, mumbled words.
The iron imp hits you!
You hit the iron imp but do no damage.
The iron imp is severely wounded.
The iron imp barely misses you.
You barely miss the iron imp.
The iron imp is severely wounded.
The iron imp hits you.
You hit the iron imp but do no damage.
The iron imp is severely wounded.
The shadow imp shouts, "Flee, thou simpering toot-wallowing joithead!"
The iron imp hits you.
You hit the iron imp but do no damage.
The iron imp is severely wounded.
The iron imp hits you!
* * * LOW HITPOINT WARNING * * *
The iron imp hits you but does no damage.
You barely miss the iron imp.
The iron imp is severely wounded.
The iron imp barely misses you.
You closely miss the iron imp.
The iron imp is severely wounded.
The iron imp completely misses you.
You hit the iron imp but do no damage.
The iron imp is severely wounded.
The shadow imp disappears in a puff of smoke!
The iron imp hits you.
You die...

###...# #...# #....##
###.# ####### #.#.## #...
....... ###.#.# #...
....... #.....# #...
....... #.##.## ####...
....... #.##.####......
.$....§####.........##...
.......5@...?............
......5####.#########††#.
....... #..# ##.##.
....... #.## #..##.
....... #. ##.###.
###.### #. ####..# #. #.
#. ###....## ## # ..
#...#### #...###


You could see an iron imp (summoned) and a shadow imp (summoned).

Vanquished Creatures
  2 adders (D:2)
  A dart slug (D:2)
  An orc (D:2)
  5 endoplasms
  4 giant cockroaches
  3 hobgoblins (D:1)
  5 jackals
  4 bats (D:1)
  4 frilled lizards
  A goblin (D:2)
  6 kobolds
36 creatures vanquished.

Vanquished Creatures (others)
  3 withered plants (D:1)
3 creatures vanquished.

Grand Total: 39 creatures vanquished

Notes
Turn   | Place    | Note
-------+----------+-------------------------------------------
     0 | D:1      | Kaiern the Merfolk Ice Elementalist began the quest for the
                  | Orb.
     0 | D:1      | Reached XP level 1. HP: 13/13 MP: 3/3
   246 | D:1      | Reached XP level 2. HP: 11/19 MP: 0/5
   833 | D:1      | Found a faded altar of an unknown god.
  1159 | D:1      | Reached XP level 3. HP: 24/24 MP: 3/6
  1664 | D:2      | Noticed Terence
  2012 | D:2      | Learned a level 3 spell: Frozen Ramparts
  2133 | D:2      | Reached skill level 5 in Ice Magic
  2252 | D:2      | Noticed Natasha
  2254 | D:2      | Reached XP level 4. HP: 30/30 MP: 6/8
  2271 | D:2      | Slain by an iron imp

Illustrated notes

Levels and vault maps discovered:
D:1:      minmay_arrival_radiant_lines, layout_basic,
          shapermc_ecumenical_altar_flowoftime, minmay_3d_cube
D:2:      layout_rooms, uniq_terence, uniq_natasha
D:3:      layout_rooms, gammafunk_temple_overflow_wave, serial_rivers,
          chequers_serial_rivers_micro_e, chequers_serial_rivers_marsh,
          chequers_serial_rivers_small_b, chequers_serial_rivers_micro_a,
          chequers_serial_rivers_room_a, chequers_serial_rivers_small_a,
          uniq_crazy_yiuf_cottage

Skill      XL: |  1  2  3 |
---------------+----------+-----
Stealth        | 3 |  3.3
Ice Magic      | 5 |  5.0
Dodging        | |  2.6
Spellcasting   | |  2.7

Action                   |  1- 3 |  4- 6 || total
-------------------------+-------+-------++-------
Melee: Short sword       |    18 |       ||    18
       Spear             |    16 |     9 ||    25
Throw: Stone             |     3 |       ||     3
 Cast: Freeze            |    50 |     5 ||    55
 Stab: Sleeping          |     4 |       ||     4
Armor: Robe              |    10 |     2 ||    12
Dodge: Dodged            |    45 |     8 ||    53
